[Event "FIDE Candidates Tournament 2022"]
[Site "Madrid"]
[Date "2022.06.21"]
[Round "4.1"]
[White "Rapport, Richard"]
[Black "Nakamura, Hikaru"]
[Result "1/2-1/2"]
[ECO "C65"]
[WhiteElo "2776"]
[BlackElo "2760"]
[Annotator "TA"]
[PlyCount "88"]
[EventDate "2022.06.17"]
[EventType "tourn"]
[EventCountry "ESP"]
[SourceTitle "playchess.com"]
[Source "ChessBase"]
[SourceQuality "1"]
[TimeControl "40/7200:20/3600:900+30"]

1. e4 e5 2. Nf3 Nc6 3. Bb5 Nf6 4. d3 Bc5 5. Bxc6 dxc6 6. O-O {[%emt 0:00:07] C65: Ruy Lopez: Berlin Defence (3...Nf6), unusual lines and 4 0-0 Bc5.} Bd6 7. Bg5 h6 {[%emt 0:00:42] The position is equal.} 8. Bh4 g5 9. Bg3 {[%emt 0:00:09] [#]} Be6 $146 ({Predecessor:} 9... Qe7 10. d4 Nd7 11. Nbd2 f6 12. Nc4 h5 13. h4 g4 14. dxe5 fxe5 15. Ng5 Nb6 16. Nxd6+ cxd6 {0-1 (40) Caruana,F (2791)-So,W (2772) Chess.com INT 2021}) 10. Qd2 Nd7 11. d4 f6 12. Qc3 exd4 13. Nxd4 Qe7 14. Bxd6 Qxd6 15. Nxe6 Qxe6 16. Qb3 Nc5 17. Qxe6+ Nxe6 18. Rd1 Ke7 19. Nd2 h5 20. Nc4 g4 21. Rd2 Rad8 22. Rad1 Rxd2 23. Rxd2 $11 {[%emt 0:00:25][%mdl 4096] Endgame KRN-KRN} Ng5 24. Na5 h4 (24... Nxe4 $2 25. Re2 $18) 25. Rd3 c5 (25... Nxe4 $2 26. Re3 $18) 26. h3 gxh3 27. gxh3 b6 ({Resist} 27... Nxe4 28. Re3 f5 29. f3 $16) 28. Nc6+ Ke6 29. Nxa7 Ra8 30. Nb5 Rxa2 31. Nxc7+ Ke5 32. Nd5 {[%emt 0:01:52] [#] And now f4+ would win.} Ra1+ 33. Kg2 {[%emt 0:01:51] aiming for f4+.} Ne6 {[%emt 0:00:07] Against f4+} 34. c4 Re1 35. Re3 Rxe3 36. fxe3 {[%emt 0:00:04] Hoping for Kf3.} Kxe4 37. Nxf6+ Kxe3 {[%emt 0:00:04] KN-KN} 38. Nd5+ Kd3 39. Kf3 Kxc4 40. Nxb6+ Kb3 41. Nd7 Ng5+ 42. Kg4 Nxh3 43. Nxc5+ Kxb2 44. Kxh4 Nf4 {[%emt 0:00:01] An even fight not without its subleties.  Weighted Error Value: White=0.03 (flawless) /Black=0.02 (flawless)} 1/2-1/2

[Event "FIDE Candidates Tournament 2022"]
[Site "Madrid"]
[Date "2022.06.25"]
[Round "7.1"]
[White "Rapport, Richard"]
[Black "Nepomniachtchi, Ian"]
[Result "0-1"]
[ECO "C42"]
[WhiteElo "2776"]
[BlackElo "2773"]
[Annotator "TA"]
[PlyCount "86"]
[EventDate "2022.06.17"]
[EventType "tourn"]
[EventCountry "ESP"]
[SourceTitle "playchess.com"]
[Source "ChessBase"]
[SourceQuality "1"]
[TimeControl "40/7200:20/3600:900+30"]

1. e4 e5 2. Nf3 Nf6 3. Nxe5 d6 4. Nf3 Nxe4 5. d4 d5 6. Bd3 Bd6 7. O-O O-O 8. c4 c6 9. Qb3 {[%emt 0:00:33] C42: Petroff Defence: 3 Nxe5 and unusual White 3rd moves.} Bg4 {[%emt 0:01:16] aiming for ...Bxf3.} 10. Bxe4 (10. Qxb7 Bxf3 11. gxf3 {[#]} Qh4 $1 $19) 10... dxe4 11. Ng5 {[%emt 0:00:05] The position is equal.} Be7 {[%emt 0:02:14] This bishop pair is nice.} 12. Nxe4 ({But not} 12. Qxb7 $6 Na6 $16) 12... Qxd4 13. Qxb7 Qxe4 14. Qxa8 {[%emt 0:00:21] [#]} Bh3 $146 ({Predecessor:} 14... Bd6 15. Qxa7 Bh3 16. gxh3 Qe5 17. Rd1 Qxh2+ 18. Kf1 Qxh3+ 19. Ke1 Bb4+ 20. Nc3 Bxc3+ 21. bxc3 Qxc3+ 22. Bd2 Re8+ 23. Kf1 Qh3+ 24. Kg1 Qg4+ 25. Kh1 {½-½ (25) Duhrssen,R-Batik,F corr 1928}) 15. gxh3 Qg6+ 16. Kh1 Qe4+ 17. Kg1 Qg6+ 18. Kh1 Qe4+ 19. f3 Qd3 {[%emt 0:00:44][%cal Rd3f1] [#]} 20. Kg2 Qg6+ $1 21. Kh1 Qd3 22. Nd2 Qd7 $40 {[%emt 0:00:25][%mdl 128] White needs to defend precisely.} 23. Ne4 (23. Re1 $5 Bd6 24. Ne4 $11) 23... Na6 24. Qxf8+ Bxf8 25. Bf4 Qxh3 26. Rad1 h6 {[%emt 0:00:34][%cal Bh7h6,Bh6h5,Bh5h4][%mdl 1056] Black has compensation.} 27. Bg3 (27. a3 $15) 27... Nc5 $17 28. Rfe1 ({Better is} 28. Nxc5 Bxc5 29. Rde1) 28... Ne6 (28... Nxe4 $142 29. Rxe4 g5) 29. a3 h5 {[%emt 0:02:53] Strongly threatening ...h4.} 30. Rd3 Qf5 31. b4 (31. Rc3 $142) 31... h4 32. Bb8 Ng5 33. Rde3 $2 {[%emt 0:00:53] This costs White the game.} (33. Ree3 $17) 33... Nxe4 $19 ({Weaker is} 33... Nxf3 34. Rf1 Qc8 35. Rexf3 $14) 34. fxe4 Qf2 {[%emt 0:00:06][%cal Oh4h3] Threatens to win with ...h3!} 35. h3 Be7 36. Bh2 Bg5 37. Bg1 Qd2 38. R3e2 (38. R1e2 $142 Qd4 39. Rf3 Qxc4 40. Re1) 38... Qd3 39. Be3 Bf6 {[%emt 0:00:33] Hoping for ...Bc3.} 40. Bxa7 $2 (40. Kg2 Bc3 41. Bf2 Bxe1 42. Re3 Qxc4 43. Bxe1) 40... Qxh3+ {[%emt 0:00:00] Black is clearly winning.} 41. Kg1 Qg3+ 42. Kf1 h3 {[%emt 0:00:33] And now ...Bc3 would win.} 43. Bg1 Bh4 {[%emt 0:01:15] Weighted Error Value: White=0.61/Black=0.04 (flawless)} 0-1

[Event "FIDE Candidates Tournament 2022"]
[Site "Madrid"]
[Date "2022.07.01"]
[Round "12.1"]
[White "Rapport, Richard"]
[Black "Caruana, Fabiano"]
[Result "1/2-1/2"]
[ECO "C65"]
[WhiteElo "2776"]
[BlackElo "2786"]
[Annotator "TA"]
[PlyCount "104"]
[EventDate "2022.06.17"]
[EventType "tourn"]
[EventCountry "ESP"]
[SourceTitle "playchess.com"]
[Source "ChessBase"]
[SourceQuality "1"]
[TimeControl "40/7200:20/3600:900+30"]

1. e4 e5 2. Nf3 Nc6 3. Bb5 Nf6 4. d3 Bc5 5. Bxc6 dxc6 6. h3 {[%emt 0:00:39] C65: Ruy Lopez: Berlin Defence (3...Nf6), unusual lines and 4 0-0 Bc5.} Be6 7. Nbd2 Nd7 8. Nb3 Bb6 9. Ng5 {[%emt 0:00:31] [#]} Bxb3 $146 ({Predecessor:} 9... Qe7 10. Nxe6 Qxe6 11. Qg4 Qg6 12. Bd2 O-O-O 13. Bc3 f6 14. a4 a6 15. Nd2 Qxg4 16. hxg4 {0-1 (71) Sevian,S (2556)-Radjabov,T (2738) Baku 2015}) 10. axb3 f6 11. Nf3 ({Much weaker is} 11. Ne6 Qe7 12. Qg4 g6 $15) 11... Nc5 12. Nd2 Ne6 13. Nc4 Qd7 14. h4 a6 15. h5 O-O-O 16. Nxb6+ cxb6 17. Be3 c5 18. Qg4 Kb8 19. g3 g6 20. O-O-O Qf7 21. f4 exf4 22. Bxf4+ ({White should play} 22. gxf4 $14 f5 23. Qg3) 22... Ka7 $11 23. Rdf1 {[%emt 0:00:37][%cal Of4e5] Threatening Be5!} f5 24. Qh3 Qf6 25. Kb1 Rhf8 26. Rf2 Qe7 27. Bh6 Rf6 28. Qh4 Rg8 $1 29. exf5 g5 30. Qe4 {[%emt 0:06:14][%cal Of2e2] [#] Re2! is the strong threat.} Qd6 31. fxe6 Rxf2 32. Bxg5 Rxg5 33. e7 Re5 34. e8=Q Rxe8 35. Qxe8 Qxg3 {[%emt 0:00:07][%cal Of2c2][%mdl 4096] Endgame White should prevent ...Rxc2! KQR-KQR} 36. Qe4 (36. Re1 {is interesting.} Qg5 37. Qh8 Qd2 38. Qc3) 36... h6 37. Qg6 Qe3 38. Qg1 Qe2 39. Qd1 Qxd1+ 40. Rxd1 $17 {[%emt 0:00:00] KR-KR} Rh2 41. d4 cxd4 42. Rxd4 Rxh5 43. Rd6 ({White should try} 43. Ka2) 43... b5 44. b4 (44. c4 $17 {is a better defense.}) 44... Rh4 (44... Rh1+ $19 45. Ka2 h5) 45. b3 Kb8 46. Kb2 Kc7 47. Rg6 h5 48. Rh6 Kd7 49. Ka3 {[%emt 0:01:07] The position is equal.} Rh1 {[%emt 0:01:58] [#] aiming for ...h4.} 50. c4 bxc4 51. bxc4 h4 {[%emt 0:00:05] Hoping for ...h3.} 52. Rh7+ Kc6 {[%emt 0:00:05] Weighted Error Value: White=0.09 (flawless) /Black=0.09 (flawless)} 1/2-1/2

[Event "FIDE Candidates Tournament 2022"]
[Site "Madrid"]
[Date "2022.07.04"]
[Round "14.1"]
[White "Rapport, Richard"]
[Black "Radjabov, Teimour"]
[Result "0-1"]
[ECO "C65"]
[WhiteElo "2776"]
[BlackElo "2753"]
[Annotator "TA"]
[PlyCount "66"]
[EventDate "2022.06.17"]
[EventType "tourn"]
[EventCountry "ESP"]
[SourceTitle "playchess.com"]
[Source "ChessBase"]
[SourceQuality "1"]
[TimeControl "40/7200:20/3600:900+30"]

1. e4 e5 2. Nf3 Nc6 3. Bb5 Nf6 4. d3 Bc5 5. Bxc6 dxc6 6. Nbd2 {[%emt 0:00:09] C65: Ruy Lopez: Berlin Defence (3...Nf6), unusual lines and 4 0-0 Bc5.} Be6 7. O-O Bd6 8. Nb3 {[%emt 0:00:24] The position is equal.} c5 9. Na5 Qc8 10. b3 {[%emt 0:05:11] [#]} O-O $146 ({Predecessor:} 10... h6 11. Bb2 Bg4 12. Nc4 Qe6 13. Ne3 h5 14. h3 Bxf3 15. Qxf3 g6 16. a3 a5 {½-½ (41) Zivkovic,V (2358)-Matanovic,L (2178) Bosnjaci 2015}) 11. Bb2 Bg4 12. Nc4 Re8 13. a4 Bh5 14. Qe2 Nd7 15. Qe3 Qd8 16. Kh1 f6 17. Rg1 Bf7 18. g4 h6 {[%emt 0:08:33] Against g5} 19. g5 (19. h4 $5 ) 19... fxg5 (19... hxg5 $11 20. h4 Nf8) 20. Nxg5 $2 hxg5 (20... Bxc4 $19 21. bxc4 (21. Nf3 $2 Be6 $17) 21... hxg5 22. Rxg5 Be7) 21. Rxg5 $15 Qf6 {[%emt 0:06:54] aiming for ...Bxc4.} 22. Rag1 {[%emt 0:02:36][%cal Of2f4] Hoping for f4!} Bf8 $1 23. Rf5 {[%emt 0:09:23] [#]} Qh4 24. Nd2 (24. Nxe5 $142 Nxe5 25. Bxe5) 24... Re6 $17 25. f4 (25. Nf3 $17 {is a better defense.} Qh6 26. Nxe5 Qxe3 27. fxe3 Nxe5 28. Bxe5) 25... Rg6 $19 ({Not} 25... Rh6 26. Nf3 exf4 27. Rxf4 $15) 26. Nf3 Qh3 {[%emt 0:01:31] White must now prevent ...Rxg1+.} 27. fxe5 {[%emt 0:00:42][%cal Of5f7] [#] Strongly threatening Rxf7!} Rxg1+ $1 28. Qxg1 Bh5 29. Ng5 Qg4 30. Qe3 $2 (30. e6 Nf6 31. Bxf6 Qxg1+ 32. Kxg1 gxf6 33. Rxf6) 30... Be7 {[%emt 0:01:29] Black is clearly winning.} ({Don't go for} 30... Qd1+ $2 31. Qg1 $19) 31. e6 {[%emt 0:00:12] [#]} Rf8 $1 32. Nf7 Bxf7 ({Wrong is} 32... Qd1+ $2 33. Kg2 Qxc2+ 34. Rf2 $19) 33. exd7 Be6 {[%emt 0:01:39][%csl LRd7,LRf5] Weighted Error Value: White=0.36/Black=0.13 (very precise)} 0-1